 Dungeon Crawl Stone Soup version 0.31.0-11-ge490571c62 (webtiles) character file.

Game seed: 17675798693671046256

342 jasper the Ruffian (level 6, 0/50 HPs)
             Began as an Armataur Fighter on Feb 5, 2024.
             Succumbed to a killer bee's poison
             ... on level 4 of the Dungeon.
             The game lasted 00:05:43 (2231 turns).

jasper the Ruffian (Armataur Fighter)               Turns: 2231, Time: 00:05:44

Health: 0/50       AC:  8    Str: 21    XL:     6   Next: 30%
Magic:  6/6        EV:  7    Int:  8    God:
Gold:   140        SH:  6    Dex: 12    Spells: 5/5 levels left

rFire   . .          .
                       - Unarmed
rCold   . . .        b - +1 buckler
rNeg    . . .        a - +0 scale mail
rPois   .            i - +0 helmet
rElec   .            (no cloak)
rCorr   .            (no gloves)
SInv    .            (no barding)
Will    .....        (no amulet) Stlth
                     (no ring)
HPRegen 0.28/turn    (no ring)
MPRegen 0.10/turn

%: roll
@: lethally poisoned (0 -> -1), attractive, invisible
A: large, deformed body, tough skin 3, armoured tail, roll 1
a: no special abilities


You were on level 4 of the Dungeon.
You visited 1 branch of the dungeon, and saw 4 of its levels.

You collected 140 gold pieces.

Inventory:

Missiles
 e - 42 stones (quivered)
Armour
 a - a +0 scale mail (worn)
 b - a +1 buckler (worn)
 i - a +0 helmet (worn)
Talismans
 h - a serpent talisman
Scrolls
 c - a scroll of teleportation
 g - a scroll of identify
Potions
 j - a potion of cancellation


   Skills:
 - Level 2.6 Fighting
 - Level 3.6 Armour
 - Level 5.0 Shields
 + Level 5.3 Unarmed Combat


You had 5 spell levels left.
You didn't know any spells.
Your spell library contained the following spells:

 Spells                   Type           Power      Damage    Failure   Level
 Slow                     Hex            0%         N/A       80%         1
 Confusing Touch          Hex            0%         N/A       99%         3
 Ozocubu's Armour         Ice            0%         N/A       99%         3
 Sigil of Binding         Hex            0%         N/A       99%         3
 Vampiric Draining        Necr           0%         2d6       99%         3
 Metabolic Englaciation   Hex/Ice        0%         N/A       100%        5
 Sculpt Simulacrum        Ice/Alch       0%         N/A       100%        6


Dungeon Overview and Level Annotations

Branches:
Dungeon (4/15)
 Temple: D:4-7

Altars:
Ashenzari
Dithmenos
The Shining One

Annotations:
D:2 Terence


Innate Abilities, Weirdness & Mutations

Armour fits poorly on your strangely shaped body.
You have extremely tough skin. (AC +3)
You have a long armoured tail.
You regenerate magic when rolling toward enemies. (Rampage MPRegen)


Message History

You feel very sick. The killer bee closely misses you.
The killer bee barely misses you.
You barely miss the killer bee.
The killer bee is almost dead.
You feel very sick. The killer bee stings you! The killer bee stings you.
* * * LOW HITPOINT WARNING * * *
You hit the killer bee.
You kill the killer bee!
* * * LOW HITPOINT WARNING * * *
You feel very sick.
Unknown command.
You hit the ball python.
Your tail-slap misses the ball python.
The ball python is heavily wounded.
* * * LOW HITPOINT WARNING * * *
You feel sick. The ball python barely misses you.
You hit the ball python.
The ball python is severely wounded.
* * * LOW HITPOINT WARNING * * *
You feel sick. The ball python bites you.
* * * LOW HITPOINT WARNING * * *
You hit the ball python.
You kill the ball python!
* * * LOW HITPOINT WARNING * * *
You feel sick.
It was a potion of attraction.
You feel attractive to monsters.
* * * LOW HITPOINT WARNING * * *
You feel sick. You block the giant cockroach's attack.
The giant cockroach bites you but does no damage.
It was a potion of invisibility.
You fade into invisibility!
* * * LOW HITPOINT WARNING * * *
You feel sick.
The giant cockroach bites you but does no damage.
You hit the giant cockroach but do no damage.
* * * LOW HITPOINT WARNING * * *
You feel sick.
The giant cockroach bites you but does no damage.
You die...

.#.# #..... .##.## #..... '##..#
#..... #..##.# #..... '....#.#
#..... ##r...#.# #..... ##B#
##.###..... +#####..##
#...#####.# ##..##@...# #...#
#.# ##########....'....###...#
#.#
.........#....##..##....######.#
########.##))#######.#### #.....
#.##'### #..## #..... #.)....#
##..####..... ##########.##
##....####.# #...........#
####.# #.# #...........# #.# #.#


You could see a quokka (unable to see you) and a giant cockroach (unable to see
you).

Vanquished Creatures
  A killer bee (D:4)
  3 hounds
  Natasha (thrice) (D:2)
  A sleepcap (D:4)
  Robin (D:4)
  3 adders
  An orc (D:4)
  3 bats
  10 endoplasms
  A giant cockroach (D:1)
  11 goblins
  12 hobgoblins
  8 kobolds
  5 quokkas
  5 ball pythons
  4 frilled lizards
  4 rats
76 creatures vanquished.

Notes
Turn   | Place    | Note
-------+----------+-------------------------------------------
     0 | D:1      | jasper the Armataur Fighter began the quest for the Orb.
     0 | D:1      | Reached XP level 1. HP: 18/18 MP: 1/1
   274 | D:1      | Reached XP level 2. HP: 20/25 MP: 2/2
   435 | D:2      | Noticed Natasha
   439 | D:2      | Killed Natasha
   440 | D:2      | Reached XP level 3. HP: 25/30 MP: 3/3
   656 | D:2      | Reached skill level 5 in Shields
   704 | D:2      | Noticed Natasha
   720 | D:2      | Killed Natasha
   721 | D:2      | Reached XP level 4. HP: 14/37 MP: 4/4
   817 | D:2      | Noticed Natasha
   824 | D:2      | Killed Natasha
   922 | D:2      | Noticed Terence
  1449 | D:3      | Reached XP level 5. HP: 32/42 MP: 5/5
  1506 | D:4      | Found a broken altar of Ashenzari.
  1506 | D:4      | Found a glowing golden altar of the Shining One.
  1657 | D:4      | Noticed Robin
  1810 | D:4      | Found a shadowy altar of Dithmenos.
  1880 | D:4      | Killed Robin
  2072 | D:4      | Reached XP level 6. HP: 49/50 MP: 6/6
  2200 | D:4      | Reached skill level 5 in Unarmed Combat
  2219 | D:4      | HP: 1/50 [killer bee (2)]
  2228 | D:4      | HP: 2/50 [poisoned by a killer bee]
  2231 | D:4      | Succumbed to a killer bee's poison

Illustrated notes

Levels and vault maps discovered:
D:1:      dpeg_arrival_three_same_balls, layout_loops_ring,
          hangedman_decor_clover_reticule
D:2:      layout_rooms, serial_corexii_hall, corexii_hall_statues_i,
          corexii_hall_statues_u, serial_bayou_lagoon_a, minmay_door_square,
          uniq_terence, uniq_natasha
D:3:      layout_rooms, serial_bayou_crossing
D:4:      minmay_bubble_buster, layout_basic,
          mainiacjoe_overflow_surrounded_room, mainiacjoe_overflow_divided_tiny,
          uniq_robin

Skill      XL: |  1  2  3  4  5  6 |
---------------+-------------------+-----
Shields        | 4 5 |  5.0
Unarmed Combat | 2 3 4 5 |  5.3
Fighting       | |  2.6
Armour         | |  3.6

Action                     |  1- 3 |  4- 6 || total
---------------------------+-------+-------++-------
  Melee: Unarmed           |    69 |   187 ||   256
         Tailslap          |    14 |    22 ||    36
  Throw: Stone             |       |     1 ||     1
    Use: Potion            |     2 |     5 ||     7
         Scroll            |       |     4 ||     4
 Armour: Scale mail        |    38 |   125 ||   163
  Dodge: Dodged            |    13 |    46 ||    59
  Block: Buckler           |    15 |    31 ||    46
